 Dungeon Crawl Stone Soup version 0.30.1 (webtiles) character file.

Game seed: 6068228542091619369

119 Arctor the Magician (level 4, -1/32 HPs)
             Began as a Demonspawn Hedge Wizard on July 5, 2023.
             Slain by an orc
             ... wielding a +0 flail
              (4 damage)
             ... on level 3 of the Dungeon.
             The game lasted 00:04:45 (3436 turns).

Arctor the Magician (Demonspawn Hedge Wizard)       Turns: 3436, Time: 00:04:45

Health: -1/32      AC:  2    Str: 11    XL:     4   Next: 73%
Magic:  9/9        EV: 12    Int: 17    God:
Gold:   102        SH:  0    Dex: 12    Spells: 4/9 levels left

rFire   . . .        j - staff of conjuration
rCold   . . .        (no shield)
rNeg    . . .        b - +0 robe
rPois   .            c - +0 hat
rElec   .            (no cloak)
rCorr   +            (no gloves)
SInv    .            (no boots)
Will    .....        (no amulet)
Stlth   +            u - ring of resist corrosion
HPRegen 0.25/turn    (no ring)
MPRegen 0.11/turn

%: no passive effects
@: silenced
A: horns 1, ignite blood 1, powered by death 1
a: no special abilities


You were on level 3 of the Dungeon.
You visited 1 branch of the dungeon, and saw 4 of its levels.

You collected 102 gold pieces.

Inventory:

Hand Weapons
 a - a +0 dagger
Armour
 b - a +0 robe (worn)
 c - a +0 hat (worn)
Magical Staves
 j - a staff of conjuration (weapon)
Jewellery
 u - a ring of resist corrosion (left hand)
Scrolls
 h - 2 scrolls of enchant armour {unknown}
 i - 2 scrolls of enchant weapon {unknown}
 l - a scroll of immolation {unknown}
 o - a scroll of teleportation {unknown}
 p - a scroll of poison {unknown}
 s - a scroll of vulnerability {unknown}
 t - a scroll of acquirement {unknown}
Potions
 d - a potion of magic
 e - 2 potions of heal wounds
 f - a potion of might {unknown}
 k - a potion of brilliance
 m - a potion of attraction
 n - 2 potions of invisibility {unknown}
 q - 4 potions of haste
 r - a potion of mutation {unknown}


   Skills:
 + Level 1.4 Fighting
 + Level 0.9 Staves
 + Level 2.2 Dodging
 + Level 2.3 Stealth
 + Level 3.3 Spellcasting
 + Level 2.0 Conjurations
 - Level 1.3 Summonings
 - Level 1.2 Translocations
 + Level 0.8 Evocations


You had 4 spell levels left.
You knew the following spells:

 Your Spells              Type           Power      Damage    Failure   Level
a - Magic Dart            Conj           56%        1d5       8%          1
b - Blink                 Tloc           14%        N/A       16%         2
c - Call Imp              Summ           14%        N/A       16%         2

Your spell library contained the following spells:

 Spells                   Type           Power      Damage    Failure   Level
 Slow                     Hex            8%         N/A       17%         1
 Cigotuvi's Dreadful Rot  Necr/Pois/Air  4%         N/A       26%         2
 Mephitic Cloud           Conj/Pois/Air  7%         N/A       36%         3


Dungeon Overview and Level Annotations

Branches:
Dungeon (4/15)
 Temple: D:4-7

Altars:


Innate Abilities, Weirdness & Mutations

You have a pair of small horns on your head.
Your demonic aura sometimes causes spilled blood to erupt in flames.
You regenerate a little health from kills.


Message History

There is an open door here.
There is an open door here.
There is an open door here.
Done exploring.
Done exploring.
u - a ring of resist corrosion (left hand) Done exploring.
Done exploring.
Done exploring.
Casting: Magic Dart (safe; 8% risk of failure)
Confirm with . or Enter, or press ? or * to list all spells.
You don't know that spell.
Unknown command.
As you read the scroll labelled HUKLUE JAUFENG, it crumbles to dust.
A profound silence engulfs you.
It was a scroll of silence.
Done exploring.
Done exploring.
(D) Dungeon
Where to? (Enter - D:3, ? - help)
What level of the Dungeon? (default 1, ? - help)
There is a stone staircase leading down here.
You climb downwards.
Found a short sword and 17 gold pieces.
There is a stone staircase leading up here.
There are monsters nearby!
There are monsters nearby!
There are monsters nearby!
You cannot cast spells when silenced!
The orc hits you with a +0 flail.
The iguana bites you but does no damage.
You climb upwards.
There is a stone staircase leading down here.
The orc hits you with a +0 flail. The iguana attacks as you move away!
The iguana bites you! The iguana attacks as you move away!
The iguana bites you. The orc attacks as you move away!
The orc closely misses you. The orc attacks as you move away!
The orc hits you with a +0 flail!
* * * LOW HITPOINT WARNING * * *
The orc attacks as you move away! The orc hits you with a +0 flail.
You die...

#...# ##.#####............
#...###########.....#.###........
#...................#.###........
###.....................#........
###................>.............
......................#..#.......
...............########..#.#####.
..............l####......#)#####.
.........##....o@<#.####.#.....).
....####.##.##♣♣.~♣.# #.#..#####
....# #.##.# ♣P~P♣.####.#..# #
....# #....# ♣♣~♣♣......#..# #
....######### ♣~P♣♣♣##..#..#####
###.......♣♣♣♣♣♣.♣♣♣♣♣♣..#..##...
#######.~~~P~.~~♣P♣♣.#.#..##.##
#..~.~~~~~~~.~...#####...
##♣~~♣~..~♣♣~♣.........##


You could see an iguana and an orc.

Vanquished Creatures
  An orc wizard (D:3)
  3 adders (D:3)
  2 dart slugs (D:3)
  3 orcs (D:3)
  3 endoplasms
  A giant cockroach (D:1)
  8 goblins
  4 hobgoblins
  3 quokkas
  7 ball pythons
  4 bats
  4 frilled lizards
  9 kobolds
  9 rats
61 creatures vanquished.

Notes
Turn   | Place    | Note
-------+----------+-------------------------------------------
     0 | D:1      | Arctor the Demonspawn Hedge Wizard began the quest for the
                  | Orb.
     0 | D:1      | Reached XP level 1. HP: 13/13 MP: 4/4
   222 | D:1      | Reached skill level 1 in Translocations
   343 | D:1      | Gained mutation: Your demonic aura sometimes causes spilled
                  | blood to erupt in flames. [demonic ancestry]
   343 | D:1      | Reached XP level 2. HP: 20/20 MP: 1/6
   869 | D:1      | Learned a level 2 spell: Blink
   872 | D:1      | Learned a level 2 spell: Call Imp
   873 | D:1      | Found a faded altar of an unknown god.
  1324 | D:2      | Gained mutation: You regenerate a little health from kills.
                  | [demonic ancestry]
  1324 | D:2      | Reached XP level 3. HP: 25/25 MP: 5/7
  1690 | D:2      | Identified the +2 robe of Wikoraibb {Stlth+}
  2334 | D:3      | Reached skill level 1 in Fighting
  2352 | D:3      | Gained mutation: You have a pair of small horns on your
                  | head. [demonic ancestry]
  2352 | D:3      | Reached XP level 4. HP: 18/32 MP: 1/8
  3436 | D:3      | Slain by an orc

Illustrated notes

Levels and vault maps discovered:
D:1:      evilmike_arrival_hilbert_curve, layout_basic,
          hellmonk_ecumenical_altar_arch_garden
D:2:      layout_basic
D:3:      layout_basic, minmay_misc_feat_plants, serial_bayou_crossing
D:4:      layout_rooms, serial_shops, shop_statue, minmay_ogre_servants,
          uniq_sigmund

Skill      XL: |  1  2  3  4 |
---------------+-------------+-----
Translocations | 1 |  1.2
Stealth        | 2 |  2.3
Dodging        | 2 |  2.2
Fighting       | 1 |  1.4
Conjurations   | 2 |  2.0
Staves         | |  0.9
Spellcasting   | |  3.3
Summonings     | |  1.3
Evocations     | |  0.8

Action                     |  1- 3 |  4- 6 || total
---------------------------+-------+-------++-------
  Melee: Dagger            |    26 |       ||    26
         Staff             |    16 |     4 ||    20
         Punch             |     1 |       ||     1
         Headbutt          |       |     3 ||     3
   Cast: Magic Dart        |    86 |    48 ||   134
    Use: Scroll            |       |     4 ||     4
         Potion            |       |     1 ||     1
 Armour: Robe              |    11 |     1 ||    12
  Dodge: Dodged            |    29 |     6 ||    35
